 Dungeon Crawl Stone Soup version 0.26.1 (webtiles) character file.

Game seed: 15426052193243912608

45 ANNNA the Stinger (level 3, -4/19 HPs)
             Began as a Deep Elf Venom Mage on Feb 7, 2021.
             Slain by a centaur skeleton (5 damage)
             ... on level 2 of the Dungeon.
             The game lasted 00:03:49 (1426 turns).

ANNNA the Stinger (Deep Elf Venom Mage)             Turns: 1426, Time: 00:03:49

Health: -4/19      AC:  2    Str:  6    XL:     3   Next: 42%
Magic:  10/10      EV: 13    Int: 19    God:
Gold:   59         SH:  0    Dex: 15    Spells: 0/9 levels left

rFire    . . .     SeeInvis .   h - +0 dagger
rCold    . . .     Faith    .   (no shield)
rNeg     . . .     Spirit   .   a - +0 robe
rPois    .         Reflect  .   (no helmet)
rElec    .         Harm     .   (no cloak)
rCorr    .         Rampage  .   (no gloves)
Will     .....                  (no boots)
Stlth    ++........             (no amulet)
HPRegen  0.06/turn              (no ring)
MPRegen  0.12/turn              (no ring)

@: no status effects
A: no striking features
a: no special abilities


You were on level 2 of the Dungeon.
You visited 1 branch of the dungeon, and saw 2 of its levels.

You collected 59 gold pieces.

Inventory:

Hand Weapons
 h - a +0 dagger (weapon)
Missiles
 b - 11 stones
Armour
 a - a +0 robe (worn)
Scrolls
 c - a scroll of immolation {unknown}
 f - a scroll of remove curse {unknown}
 g - 2 scrolls of teleportation {unknown}
 i - 2 scrolls of identify {unknown}
Potions
 d - a potion of might {unknown}
 e - 2 potions of heal wounds {unknown}
 j - a potion of berserk rage {unknown}
 k - a potion of invisibility {unknown}


   Skills:
 + Level 2.7 Dodging
 + Level 2.6 Stealth
 + Level 3.8 Spellcasting
 + Level 1.7 Transmutations
 + Level 0.2 Air Magic
 + Level 3.9 Poison Magic


You couldn't memorise any spells.
You knew the following spells:

 Your Spells              Type           Power        Failure   Level
a - Sting                 Tmut/Pois      56%          4%          1
b - Poisonous Vapours     Pois/Air       22%          9%          2
c - Ignite Poison         Fire/Tmut/Pois 10%          19%         3
d - Mephitic Cloud        Conj/Pois/Air  9%           24%         3

Your spell library contained the following spells:

 Spells                   Type           Power        Failure   Level
 Olgreb's Toxic Radiance  Pois           18%          26%         4


Dungeon Overview and Level Annotations

Branches:
Dungeon (2/15)

Altars:


Message History

You are very lightly contaminated with residual magic.
Nothing appears to happen.
The centaur skeleton hits you.
You hit the centaur skeleton but do no damage.
The centaur skeleton misses you.
You hit the centaur skeleton but do no damage.
The centaur skeleton hits you!
The centaur skeleton closely misses you.
You hit the centaur skeleton but do no damage.
The centaur skeleton barely misses you.
You hit the centaur skeleton.
The centaur skeleton is lightly damaged.
The centaur skeleton hits you.
* * * LOW HITPOINT WARNING * * *
The centaur skeleton barely misses you.
Your magical contamination has completely faded away.
The centaur skeleton barely misses you. The centaur skeleton hits you.
* * * LOW HITPOINT WARNING * * *
The centaur skeleton hits you.
You die...

### ###### #######.#
#....#
........#####....#
.#####...............
......<..#.#####....#
######.....# ######
#..Z@..#.###
#.##.#.#.# #.##.#.#.#
#.####>... #.........
#..###....# #..#
.....# #.........#
#.###.?...


You could see a centaur skeleton.

Vanquished Creatures
  A gnoll (D:1)
  2 dart slugs (D:1)
  2 leopard geckos
  5 bats (D:1)
  2 giant cockroaches (D:1)
  5 goblins
  4 hobgoblins (D:1)
  A kobold (D:1)
  A ball python (D:1)
  4 frilled lizards (D:1)
27 creatures vanquished.

Vanquished Creatures (others)
  A ghoul (D:1)
  A minotaur (D:1)
  A draconian (D:1)
  A vine stalker (D:1)
  An elf (D:1)
  A vampire (D:1)
  2 nagas (D:1)
  A dwarf (D:1)
  2 ogres (D:1)
  A mummy (D:1)
  An orc (D:1)
  2 kobolds (D:1)
  4 tentacles (D:1)
19 creatures vanquished.

Grand Total: 46 creatures vanquished

Notes
Turn   | Place    | Note
-------+----------+-------------------------------------------
     0 | D:1      | ANNNA the Deep Elf Venom Mage began the quest for the Orb.
     0 | D:1      | Reached XP level 1. HP: 10/10 MP: 6/6
     2 | D:1      | Noticed a naga
     2 | D:1      | Noticed a ghoul
     2 | D:1      | Noticed an elf
     2 | D:1      | Noticed a vampire
     2 | D:1      | Noticed a kraken
     2 | D:1      | Noticed an ogre
     2 | D:1      | Noticed a dwarf
     2 | D:1      | Noticed a vine stalker
     2 | D:1      | Noticed a minotaur
     2 | D:1      | Noticed a draconian
     2 | D:1      | Noticed a naga
     2 | D:1      | Noticed an ogre
     6 | D:1      | Killed a vampire
     8 | D:1      | Killed an elf
     8 | D:1      | Killed an ogre
     9 | D:1      | Killed a naga
    10 | D:1      | Killed a vine stalker
    13 | D:1      | Killed a ghoul
    15 | D:1      | Killed a dwarf
    17 | D:1      | Killed a draconian
    18 | D:1      | Killed an ogre
    19 | D:1      | Killed a naga
    21 | D:1      | Killed a minotaur
   496 | D:1      | Reached XP level 2. HP: 15/15 MP: 5/8
   499 | D:1      | Learned a level 2 spell: Poisonous Vapours
  1051 | D:1      | Reached XP level 3. HP: 19/19 MP: 2/10
  1141 | D:1      | Learned a level 3 spell: Ignite Poison
  1145 | D:1      | Learned a level 3 spell: Mephitic Cloud
  1426 | D:2      | Slain by a centaur skeleton

Illustrated notes

Levels and vault maps discovered:
D:1:      nicolae_arrival_kraken_aquarium_b, layout_basic
D:2:      layout_basic, lemuel_crystal_altar

Action                   || total
-------------------------++-------
Melee: Unarmed           ||     1
       Dagger            ||     7
 Cast: Sting             ||    24
       Poisonous Vapours ||    16
Armor: Robe              ||     4
Dodge: Dodged            ||    12
